[ AOE2 MATCH · #472845596 ]
UnrankedItalians vs Bohemians
[ REPLAY ANALYSIS · EXTRACTED FROM THE RECORDED GAME ]
Feudal
11:03
Castle
14:39
Imperial
30:27
| APM avg | 53.5 |
| APM peak | 97 |
| eAPM avg | 19.5 |
| Villagers / military | 102 / 28 |
Focus
⚔️ 29.0% · 🌾 71.0%
Genoese Crossbowman ×16 · Knight ×3 · Scout Cavalry ×3 · Trebuchet (Packed) ×3 · Monk ×2 · Spearman ×1
Feudal
11:05
Castle
24:07
Imperial
31:23
| APM avg | 28.8 |
| APM peak | 65 |
| eAPM avg | 14.2 |
| Villagers / military | 57 / 2 |
Focus
⚔️ 13.6% · 🌾 86.4%
Mangonel ×1 · Skirmisher ×1
Feudal
—
Castle
—
Imperial
—
| APM avg | 23.1 |
| APM peak | 69 |
| eAPM avg | 12.8 |
| Villagers / military | 65 / 17 |
Focus
⚔️ 11.0% · 🌾 89.0%
Janissary ×11 · Bombard Cannon ×3 · Scorpion ×2 · Mangonel ×1
Feudal
7:38
Castle
20:47
Imperial
28:00
| APM avg | 28.2 |
| APM peak | 73 |
| eAPM avg | 14.2 |
| Villagers / military | 60 / 16 |
Focus
⚔️ 30.7% · 🌾 69.3%
Mangudai ×11 · Trebuchet (Packed) ×5
Feudal
10:26
Castle
13:59
Imperial
29:45
| APM avg | 35.1 |
| APM peak | 82 |
| eAPM avg | 16.0 |
| Villagers / military | 125 / 42 |
Focus
⚔️ 21.8% · 🌾 78.2%
Knight ×19 · Skirmisher ×15 · Monk ×4 · Scout Cavalry ×3 · Camel Scout ×1
Feudal
10:16
Castle
13:57
Imperial
28:35
| APM avg | 27.1 |
| APM peak | 54 |
| eAPM avg | 18.8 |
| Villagers / military | 168 / 47 |
Focus
⚔️ 24.2% · 🌾 75.8%
Camel Scout ×43 · Monk ×3 · Armored Elephant ×1
Feudal
10:07
Castle
12:51
Imperial
28:30
| APM avg | 36.8 |
| APM peak | 97 |
| eAPM avg | 17.8 |
| Villagers / military | 143 / 53 |
Focus
⚔️ 20.3% · 🌾 79.7%
Scorpion ×47 · Trebuchet (Packed) ×4 · Monk ×2
Feudal
10:55
Castle
14:27
Imperial
24:20
| APM avg | 42.4 |
| APM peak | 80 |
| eAPM avg | 20.7 |
| Villagers / military | 101 / 28 |
Focus
⚔️ 23.7% · 🌾 76.3%
Conquistador ×23 · Trebuchet (Packed) ×5
Match map
Initial resources + every placement click. Lines = walls · curves = elevation contours. ◆ gold · ⬟ stone · ● berries · ✦ relic · ◌ wall gap
Your base· ✓ Closed at 14:39 · 0t walls · 2 gate(s)
Axtern's base· ✓ Closed at 24:07 · 18t walls · 2 gate(s)
tridentlei's base· ✓ Closed at 12:35 · 0t walls · 3 gate(s)
Fac Et Spera's base· ✓ Closed at 20:47 · 0t walls · 3 gate(s)
wilkerbrice12's base· ✓ Closed at 13:59 · 0t walls · 3 gate(s)
OMurchu's base· ✓ Closed at 13:57 · 0t walls · 3 gate(s)
Camiloco23's base· ✓ Closed at 12:51 · 0t walls · 2 gate(s)
Benni's base· ✓ Closed at 14:27 · 0t walls · 2 gate(s)
Smoothed initial terrain · ◌ = detected wall gap · hover for details
Inputs per minute
— [DAO] Encoded29 - - Axtern
Build order — [DAO] Encoded29
First 150 of 244 actions detected
| 0:02 | Create | Villager (Male) |
| 0:02 | Create | Villager (Male) |
| 0:03 | Build | House |
| 0:04 | Build | House |
| 0:32 | Create | Villager (Male) |
| 0:50 | Create | Villager (Male) |
| 0:50 | Create | Villager (Male) |
| 1:24 | Create | Villager (Male) |
| 1:24 | Create | Villager (Male) |
| 1:52 | Build | Lumber Camp |
| 2:00 | Create | Villager (Male) |
| 2:24 | Create | Villager (Male) |
| 2:25 | Create | Villager (Male) |
| 2:59 | Create | Villager (Male) |
| 2:59 | Create | Villager (Male) |
| 3:00 | Create | Villager (Male) |
| 3:10 | Build | House |
| 3:48 | Create | Villager (Male) |
| 4:04 | Create | Villager (Male) |
| 4:28 | Create | Villager (Male) |
| 4:52 | Create | Villager (Male) |
| 5:21 | Build | Mining Camp |
| 5:24 | Create | Villager (Male) |
| 5:43 | Create | Villager (Male) |
| 5:51 | Build | Mill |
| 6:04 | Create | Villager (Male) |
| 6:11 | Build | House |
| 6:41 | Create | Villager (Male) |
| 7:03 | Build | Farm |
| 7:04 | Create | Villager (Male) |
| 7:23 | Create | Villager (Male) |
| 7:55 | Create | Villager (Male) |
| 8:28 | Create | Villager (Male) |
| 8:30 | Research | Feudal Age |
| 8:52 | Build | Barracks |
| 10:12 | Build | House |
| 11:01 | Build | Farm |
| 11:03 | Age | Feudal Age |
| 11:04 | Create | Villager (Male) |
| 11:07 | Build | Stable |
| 11:14 | Build | Blacksmith |
| 11:29 | Create | Villager (Male) |
| 11:59 | Research | Castle Age |
| 12:03 | Research | Horse Collar |
| 12:03 | Research | Horse Collar |
| 12:13 | Build | House |
| 12:55 | Build | Farm |
| 12:57 | Build | Farm |
| 13:01 | Build | Farm |
| 13:04 | Research | Double-Bit Axe |
| 13:04 | Research | Double-Bit Axe |
| 13:33 | Research | Scale Barding Armor |
| 13:36 | Build | Farm |
| 13:38 | Build | Farm |
| 13:41 | Build | Farm |
| 14:36 | Create | Villager (Male) |
| 14:39 | Age | Castle Age |
| 15:01 | Build | Town Center |
| 15:05 | Create | Knight |
| 15:14 | Create | Knight |
| 15:37 | Create | Villager (Male) |
| 15:44 | Create | Knight |
| 16:14 | Create | Villager (Male) |
| 16:15 | Build | Monastery |
| 16:24 | Build | Farm |
| 16:40 | Create | Villager (Male) |
| 16:44 | Research | Bow Saw |
| 16:44 | Research | Bow Saw |
| 16:45 | Create | Villager (Male) |
| 17:08 | Create | Monk |
| 17:13 | Create | Villager (Male) |
| 17:40 | Create | Villager (Male) |
| 17:47 | Build | Town Center |
| 17:48 | Create | Villager (Male) |
| 17:50 | Create | Villager (Male) |
| 17:56 | Build | Farm |
| 17:57 | Build | Farm |
| 17:59 | Build | Farm |
| 18:07 | Create | Scout Cavalry |
| 18:17 | Create | Monk |
| 18:25 | Build | House |
| 18:25 | Build | House |
| 18:30 | Research | Loom |
| 18:38 | Build | Farm |
| 18:41 | Build | Farm |
| 18:46 | Build | Farm |
| 19:03 | Create | Villager (Male) |
| 19:20 | Create | Villager (Male) |
| 19:30 | Create | Spearman |
| 19:44 | Build | Farm |
| 19:45 | Create | Villager (Male) |
| 19:47 | Research | Stone Mining |
| 19:48 | Create | Villager (Male) |
| 19:51 | Build | Farm |
| 19:54 | Build | Farm |
| 20:09 | Build | Farm |
| 20:12 | Create | Villager (Male) |
| 20:12 | Create | Villager (Male) |
| 20:19 | Create | Villager (Male) |
| 20:46 | Create | Scout Cavalry |
| 21:00 | Create | Villager (Male) |
| 21:00 | Create | Villager (Male) |
| 21:15 | Build | Farm |
| 21:17 | Create | Villager (Male) |
| 21:17 | Create | Villager (Male) |
| 21:21 | Build | Farm |
| 21:21 | Build | Farm |
| 21:22 | Build | Farm |
| 21:23 | Create | Villager (Male) |
| 21:33 | Create | Villager (Male) |
| 21:49 | Create | Villager (Male) |
| 21:49 | Create | Villager (Male) |
| 21:59 | Build | Farm |
| 22:00 | Create | Villager (Male) |
| 22:10 | Build | Farm |
| 22:11 | Create | Villager (Male) |
| 22:12 | Create | Villager (Male) |
| 22:22 | Create | Villager (Male) |
| 22:23 | Build | House |
| 22:24 | Build | House |
| 22:24 | Build | House |
| 22:38 | Create | Villager (Male) |
| 22:41 | Build | House |
| 22:42 | Build | House |
| 22:45 | Research | Wheelbarrow |
| 22:46 | Research | Wheelbarrow |
| 23:10 | Create | Villager (Male) |
| 23:10 | Create | Villager (Male) |
| 23:21 | Build | Farm |
| 23:22 | Create | Villager (Male) |
| 23:24 | Build | Mill |
| 23:25 | Build | Farm |
| 23:25 | Build | Farm |
| 23:25 | Build | Farm |
| 23:26 | Build | Farm |
| 23:26 | Build | Farm |
| 23:27 | Create | Villager (Male) |
| 23:28 | Create | Villager (Male) |
| 23:44 | Create | Scout Cavalry |
| 24:00 | Create | Villager (Male) |
| 24:00 | Create | Villager (Male) |
| 24:01 | Create | Villager (Male) |
| 24:04 | Build | Farm |
| 24:28 | Research | Hand Cart |
| 24:28 | Create | Villager (Male) |
| 24:37 | Build | Farm |
| 24:49 | Create | Villager (Male) |
| 24:49 | Create | Villager (Male) |
| 25:07 | Build | Castle |
| 25:08 | Build | Mining Camp |
Build order — Axtern
148 actions detected in the replay
| 0:04 | Create | Villager (Male) |
| 0:05 | Build | House |
| 0:06 | Build | House |
| 0:06 | Create | Villager (Male) |
| 0:22 | Create | Villager (Male) |
| 0:32 | Create | Villager (Male) |
| 1:35 | Create | Villager (Male) |
| 2:06 | Create | Villager (Male) |
| 2:11 | Build | Lumber Camp |
| 2:17 | Create | Villager (Male) |
| 2:55 | Create | Villager (Male) |
| 3:24 | Create | Villager (Male) |
| 3:53 | Create | Villager (Male) |
| 4:00 | Create | Villager (Male) |
| 4:03 | Build | House |
| 4:03 | Build | House |
| 4:28 | Create | Villager (Male) |
| 4:46 | Create | Villager (Male) |
| 4:47 | Build | Mill |
| 5:28 | Create | Villager (Male) |
| 5:59 | Create | Villager (Male) |
| 6:14 | Create | Villager (Male) |
| 6:24 | Create | Villager (Male) |
| 7:15 | Create | Villager (Male) |
| 7:19 | Build | Mining Camp |
| 7:26 | Create | Villager (Male) |
| 7:31 | Create | Villager (Male) |
| 7:46 | Create | Villager (Male) |
| 8:06 | Create | Villager (Male) |
| 8:20 | Research | Loom |
| 8:37 | Research | Feudal Age |
| 8:49 | Build | House |
| 9:02 | Build | Barracks |
| 9:31 | Build | House |
| 10:03 | Build | Mining Camp |
| 10:30 | Build | House |
| 10:32 | Build | House |
| 10:35 | Build | House |
| 10:42 | Build | Palisade Wall |
| 10:45 | Build | House |
| 10:52 | Create | Villager (Male) |
| 10:53 | Create | Villager (Male) |
| 10:55 | Create | Villager (Male) |
| 10:59 | Build | House |
| 11:00 | Build | Palisade Wall |
| 11:05 | Build | Palisade Wall |
| 11:05 | Age | Feudal Age |
| 11:12 | Build | Stone Wall |
| 11:54 | Create | Villager (Male) |
| 11:59 | Build | Watch Tower |
| 12:18 | Research | Double-Bit Axe |
| 12:48 | Create | Villager (Male) |
| 12:49 | Create | Villager (Male) |
| 13:14 | Create | Villager (Male) |
| 13:27 | Build | Market |
| 13:32 | Build | House |
| 13:48 | Build | Watch Tower |
| 13:58 | Create | Villager (Male) |
| 14:06 | Build | Blacksmith |
| 14:15 | Create | Villager (Male) |
| 14:19 | Create | Villager (Male) |
| 14:21 | Research | Horse Collar |
| 14:22 | Build | Farm |
| 14:25 | Build | Farm |
| 14:26 | Build | Farm |
| 14:28 | Create | Villager (Male) |
| 14:36 | Research | Fletching |
| 14:49 | Build | House |
| 15:15 | Create | Villager (Male) |
| 15:27 | Build | Stone Wall |
| 15:34 | Build | House |
| 15:57 | Build | Farm |
| 16:00 | Build | Lumber Camp |
| 16:24 | Build | Farm |
| 16:27 | Create | Villager (Male) |
| 16:45 | Build | Farm |
| 17:09 | Create | Villager (Male) |
| 17:20 | Build | House |
| 17:24 | Build | House |
| 17:33 | Create | Villager (Male) |
| 18:02 | Build | Market |
| 18:07 | Create | Villager (Male) |
| 18:12 | Build | Farm |
| 18:13 | Build | Farm |
| 18:14 | Build | Farm |
| 18:27 | Create | Villager (Male) |
| 18:31 | Build | Farm |
| 18:34 | Build | Farm |
| 18:34 | Build | Farm |
| 19:01 | Create | Villager (Male) |
| 19:20 | Build | Lumber Camp |
| 19:23 | Build | Farm |
| 19:24 | Build | Farm |
| 19:29 | Create | Villager (Male) |
| 19:31 | Build | Farm |
| 19:33 | Build | Farm |
| 19:42 | Build | Stone Wall |
| 19:52 | Create | Villager (Male) |
| 20:03 | Build | Farm |
| 20:04 | Build | Farm |
| 20:11 | Build | Farm |
| 20:13 | Build | Farm |
| 20:18 | Build | Farm |
| 20:20 | Create | Villager (Male) |
| 21:27 | Research | Castle Age |
| 21:51 | Build | Mining Camp |
| 22:10 | Build | Farm |
| 22:11 | Build | Farm |
| 22:13 | Create | Villager (Male) |
| 22:54 | Create | Villager (Male) |
| 23:23 | Build | Stone Wall |
| 24:07 | Age | Castle Age |
| 24:10 | Build | Castle |
| 24:17 | Create | Villager (Male) |
| 24:25 | Build | Town Center |
| 24:26 | Research | Bow Saw |
| 24:30 | Create | Villager (Male) |
| 24:39 | Research | Bodkin Arrow |
| 24:59 | Build | Lumber Camp |
| 25:21 | Create | Villager (Male) |
| 25:42 | Create | Villager (Male) |
| 26:01 | Create | Villager (Male) |
| 26:03 | Create | Villager (Male) |
| 26:25 | Build | Siege Workshop |
| 26:31 | Create | Villager (Male) |
| 26:47 | Build | Farm |
| 26:48 | Build | Farm |
| 26:49 | Build | Farm |
| 26:51 | Build | Farm |
| 27:06 | Create | Mangonel |
| 27:19 | Create | Villager (Male) |
| 27:24 | Build | Mining Camp |
| 27:46 | Create | Villager (Male) |
| 28:13 | Research | Imperial Age |
| 28:13 | Research | Imperial Age |
| 28:27 | Build | University |
| 28:44 | Create | Villager (Male) |
| 29:22 | Research | Chemistry |
| 29:35 | Build | Town Center |
| 30:42 | Build | Town Center |
| 31:05 | Build | Watch Tower |
| 31:17 | Build | Barracks |
| 31:23 | Age | Imperial Age |
| 31:51 | Create | Villager (Male) |
| 31:58 | Create | Villager (Male) |
| 32:03 | Build | Archery Range |
| 32:34 | Create | Skirmisher |
| 32:38 | Build | Archery Range |
Build order — tridentlei
148 actions detected in the replay
| 0:02 | Create | Villager (Male) ×4 |
| 0:03 | Create | Villager (Male) ×4 |
| 0:04 | Build | House |
| 0:09 | Build | House |
| 1:25 | Create | Villager (Male) |
| 1:25 | Create | Villager (Male) |
| 1:26 | Create | Villager (Male) |
| 1:51 | Build | House |
| 1:52 | Build | House |
| 2:02 | Build | Lumber Camp |
| 2:04 | Create | Villager (Male) |
| 2:04 | Create | Villager (Male) |
| 2:04 | Create | Villager (Male) |
| 2:15 | Create | Villager (Male) |
| 2:16 | Create | Villager (Male) |
| 2:47 | Create | Villager (Male) |
| 3:20 | Create | Villager (Male) |
| 3:43 | Create | Villager (Male) |
| 3:43 | Create | Villager (Male) |
| 3:44 | Create | Villager (Male) |
| 4:05 | Create | Villager (Male) |
| 4:05 | Create | Villager (Male) |
| 4:30 | Create | Villager (Male) |
| 4:30 | Create | Villager (Male) |
| 5:01 | Create | Villager (Male) |
| 5:01 | Create | Villager (Male) |
| 5:01 | Create | Villager (Male) |
| 5:23 | Create | Villager (Male) |
| 5:24 | Create | Villager (Male) |
| 5:24 | Create | Villager (Male) |
| 5:24 | Create | Villager (Male) |
| 5:24 | Create | Villager (Male) |
| 5:59 | Build | Mill |
| 6:10 | Create | Villager (Male) |
| 6:10 | Create | Villager (Male) |
| 6:10 | Create | Villager (Male) |
| 6:10 | Create | Villager (Male) |
| 6:11 | Create | Villager (Male) |
| 6:11 | Create | Villager (Male) |
| 7:59 | Build | Mining Camp |
| 8:20 | Build | House |
| 8:55 | Research | Feudal Age |
| 9:07 | Build | Farm |
| 9:08 | Build | Farm |
| 9:10 | Build | Farm |
| 9:28 | Create | Villager (Male) |
| 9:29 | Create | Villager (Male) |
| 10:43 | Build | Farm |
| 10:45 | Build | Farm |
| 11:14 | Build | Market |
| 11:22 | Build | Blacksmith |
| 11:42 | Build | Mining Camp |
| 12:35 | Research | Castle Age |
| 13:20 | Research | Stone Mining |
| 14:00 | Build | House |
| 15:12 | Research | Double-Bit Axe |
| 15:15 | Research | Horse Collar |
| 15:19 | Build | Castle |
| 15:29 | Research | Fletching |
| 15:48 | Build | Castle |
| 15:51 | Create | Villager (Male) |
| 15:51 | Create | Villager (Male) |
| 16:09 | Create | Villager (Male) |
| 16:10 | Create | Villager (Male) |
| 16:51 | Build | House |
| 16:52 | Build | House |
| 17:17 | Build | House |
| 17:18 | Build | House |
| 17:19 | Build | House |
| 17:25 | Create | Villager (Male) |
| 17:25 | Create | Villager (Male) |
| 17:33 | Build | House |
| 17:47 | Create | Villager (Male) |
| 17:47 | Create | Villager (Male) |
| 18:09 | Build | House |
| 18:13 | Build | Farm |
| 18:19 | Create | Villager (Male) |
| 18:19 | Create | Villager (Male) |
| 18:19 | Create | Villager (Male) |
| 18:19 | Create | Villager (Male) |
| 19:08 | Build | Lumber Camp |
| 19:16 | Build | Farm |
| 19:20 | Build | Farm |
| 19:47 | Create | Villager (Male) |
| 19:47 | Create | Villager (Male) |
| 20:07 | Build | Farm |
| 21:05 | Build | Farm |
| 21:06 | Build | Farm |
| 21:08 | Build | Farm |
| 21:09 | Build | Farm |
| 21:25 | Research | Loom |
| 21:59 | Build | Lumber Camp |
| 22:07 | Build | Farm |
| 23:19 | Research | Imperial Age |
| 23:25 | Create | Janissary |
| 23:25 | Create | Janissary |
| 23:33 | Build | House |
| 23:35 | Build | House |
| 23:36 | Build | House |
| 23:37 | Build | House |
| 23:38 | Build | House |
| 23:55 | Build | Mining Camp |
| 24:01 | Create | Janissary |
| 24:01 | Create | Janissary |
| 24:01 | Create | Janissary |
| 24:06 | Build | Farm |
| 24:06 | Build | Farm |
| 24:10 | Build | Farm |
| 24:14 | Build | Farm |
| 24:16 | Build | Farm |
| 24:20 | Build | Farm |
| 24:21 | Create | Janissary |
| 24:21 | Create | Janissary |
| 24:38 | Create | Janissary |
| 24:39 | Create | Janissary |
| 25:02 | Research | Padded Archer Armor |
| 25:08 | Build | Siege Workshop |
| 25:14 | Create | Villager (Male) |
| 25:47 | Research | Gold Mining |
| 26:01 | Build | University |
| 26:37 | Create | Villager (Male) |
| 26:37 | Create | Villager (Male) |
| 27:01 | Create | Bombard Cannon |
| 27:01 | Create | Bombard Cannon |
| 27:01 | Create | Bombard Cannon |
| 27:17 | Create | Villager (Male) |
| 27:18 | Create | Villager (Male) |
| 27:18 | Create | Villager (Male) |
| 27:21 | Create | Janissary |
| 27:21 | Create | Janissary |
| 28:01 | Build | Mill |
| 28:03 | Build | Barracks |
| 28:39 | Create | Scorpion |
| 28:39 | Create | Scorpion |
| 29:02 | Build | Watch Tower |
| 29:08 | Build | Archery Range |
| 29:09 | Build | Archery Range |
| 29:22 | Create | Villager (Male) |
| 29:22 | Create | Villager (Male) |
| 29:22 | Create | Villager (Male) |
| 29:22 | Create | Villager (Male) |
| 29:55 | Create | Mangonel |
| 30:31 | Build | Town Center |
| 30:56 | Build | House |
| 31:20 | Build | House |
| 31:22 | Build | House |
| 31:26 | Build | House |
| 31:58 | Build | Lumber Camp |
Build order — Fac Et Spera
First 150 of 154 actions detected
| 0:00 | Create | Villager (Male) ×4 |
| 0:02 | Build | House |
| 0:03 | Build | House |
| 1:30 | Create | Villager (Male) |
| 1:32 | Build | Lumber Camp |
| 1:51 | Create | Villager (Male) |
| 1:51 | Create | Villager (Male) |
| 2:25 | Create | Villager (Male) |
| 2:26 | Create | Villager (Male) |
| 2:26 | Create | Villager (Male) |
| 3:03 | Build | House |
| 3:10 | Create | Villager (Male) |
| 3:10 | Create | Villager (Male) |
| 3:11 | Create | Villager (Male) |
| 4:05 | Create | Villager (Male) |
| 4:29 | Build | Mining Camp |
| 4:30 | Create | Villager (Male) |
| 4:58 | Create | Villager (Male) |
| 5:28 | Research | Feudal Age |
| 5:28 | Research | Feudal Age |
| 5:37 | Research | Loom |
| 6:21 | Create | Villager (Male) |
| 6:21 | Create | Villager (Male) |
| 6:36 | Build | House |
| 7:38 | Age | Feudal Age |
| 7:41 | Build | Watch Tower |
| 7:47 | Build | Blacksmith |
| 8:37 | Research | Fletching |
| 8:37 | Research | Fletching |
| 8:38 | Create | Villager (Male) |
| 8:41 | Research | Double-Bit Axe |
| 8:57 | Build | Mill |
| 9:00 | Create | Villager (Male) |
| 9:21 | Create | Villager (Male) |
| 9:57 | Create | Villager (Male) |
| 10:09 | Research | Horse Collar |
| 10:09 | Research | Horse Collar |
| 10:13 | Build | House |
| 10:33 | Create | Villager (Male) |
| 10:33 | Create | Villager (Male) |
| 10:37 | Build | Farm |
| 10:49 | Create | Villager (Male) |
| 10:49 | Create | Villager (Male) |
| 11:10 | Build | Watch Tower |
| 11:35 | Create | Villager (Male) |
| 11:35 | Create | Villager (Male) |
| 11:52 | Create | Villager (Male) |
| 11:55 | Build | Farm |
| 11:55 | Build | Farm |
| 11:55 | Build | Farm |
| 11:55 | Build | Farm |
| 11:56 | Build | Farm |
| 11:56 | Build | Farm |
| 12:19 | Build | Watch Tower |
| 12:24 | Create | Villager (Male) |
| 12:36 | Create | Villager (Male) |
| 12:55 | Build | Farm |
| 13:03 | Create | Villager (Male) |
| 13:08 | Build | Farm |
| 13:14 | Build | House |
| 13:17 | Create | Villager (Male) |
| 13:48 | Create | Villager (Male) |
| 13:53 | Build | Farm |
| 13:53 | Build | Farm |
| 13:53 | Build | Farm |
| 13:53 | Build | Farm |
| 13:55 | Build | Farm |
| 14:07 | Create | Villager (Male) |
| 14:46 | Create | Villager (Male) |
| 15:04 | Create | Villager (Male) |
| 15:43 | Create | Villager (Male) |
| 15:46 | Build | Mining Camp |
| 16:03 | Build | Farm |
| 16:06 | Create | Villager (Male) |
| 16:12 | Build | Farm |
| 16:14 | Research | Wheelbarrow |
| 16:59 | Build | Market |
| 17:22 | Create | Villager (Male) |
| 17:26 | Build | House |
| 18:08 | Research | Castle Age |
| 18:08 | Research | Castle Age |
| 18:36 | Build | House |
| 18:37 | Build | House |
| 18:55 | Create | Villager (Male) |
| 18:56 | Create | Villager (Male) |
| 19:46 | Build | House |
| 20:47 | Age | Castle Age |
| 20:55 | Build | Castle |
| 21:25 | Research | Bodkin Arrow |
| 21:25 | Research | Bodkin Arrow |
| 21:26 | Create | Villager (Male) |
| 21:28 | Research | Bow Saw |
| 21:29 | Research | Heavy Plow |
| 21:58 | Build | Farm |
| 21:58 | Build | Farm |
| 21:58 | Build | Farm |
| 22:03 | Create | Villager (Male) |
| 22:04 | Create | Villager (Male) |
| 22:52 | Create | Villager (Male) |
| 22:53 | Create | Villager (Male) |
| 23:09 | Build | Mining Camp |
| 23:15 | Build | Farm |
| 23:15 | Build | Farm |
| 23:21 | Create | Villager (Male) |
| 24:03 | Create | Villager (Male) |
| 24:50 | Research | Imperial Age |
| 24:50 | Research | Imperial Age |
| 25:12 | Create | Mangudai |
| 25:21 | Create | Mangudai |
| 25:36 | Create | Mangudai |
| 26:10 | Create | Mangudai |
| 26:10 | Create | Mangudai |
| 26:37 | Build | University |
| 27:10 | Create | Mangudai |
| 27:24 | Build | Barracks |
| 27:34 | Research | Gold Mining |
| 27:49 | Create | Mangudai |
| 28:00 | Age | Imperial Age |
| 28:12 | Create | Trebuchet (Packed) |
| 28:13 | Create | Trebuchet (Packed) |
| 28:18 | Research | Chemistry |
| 28:18 | Research | Chemistry |
| 28:21 | Research | Bracer |
| 28:22 | Research | Bracer |
| 28:25 | Create | Villager (Male) |
| 28:25 | Create | Villager (Male) |
| 29:03 | Create | Villager (Male) |
| 29:08 | Create | Trebuchet (Packed) |
| 29:21 | Build | Stable |
| 29:22 | Build | Farm |
| 29:24 | Build | Farm |
| 29:31 | Create | Villager (Male) |
| 29:32 | Create | Villager (Male) |
| 29:53 | Create | Trebuchet (Packed) |
| 30:13 | Create | Villager (Male) |
| 30:18 | Create | Trebuchet (Packed) |
| 30:20 | Research | Bloodlines |
| 30:20 | Research | Bloodlines |
| 30:22 | Research | Husbandry |
| 31:17 | Create | Mangudai |
| 31:17 | Create | Mangudai |
| 31:21 | Research | Conscription |
| 31:22 | Create | Villager (Male) |
| 31:22 | Create | Villager (Male) |
| 31:50 | Create | Villager (Male) |
| 31:50 | Create | Mangudai |
| 31:56 | Research | Ballistics |
| 31:56 | Research | Ballistics |
| 32:03 | Build | Lumber Camp |
| 32:04 | Create | Villager (Male) |
Build order — wilkerbrice12
First 150 of 285 actions detected
| 0:02 | Create | Villager (Male) |
| 0:02 | Create | Villager (Male) |
| 0:02 | Create | Villager (Male) |
| 0:02 | Create | Villager (Male) |
| 0:03 | Build | House |
| 0:05 | Build | House |
| 0:52 | Create | Villager (Male) |
| 0:52 | Create | Villager (Male) |
| 1:30 | Create | Villager (Male) |
| 1:30 | Create | Villager (Male) |
| 1:31 | Create | Villager (Male) |
| 2:09 | Create | Villager (Male) |
| 2:09 | Create | Villager (Male) |
| 2:38 | Create | Villager (Male) |
| 2:38 | Create | Villager (Male) |
| 2:53 | Build | Mill |
| 2:57 | Create | Villager (Male) |
| 2:57 | Create | Villager (Male) |
| 3:10 | Create | Villager (Male) |
| 3:10 | Create | Villager (Male) |
| 3:17 | Build | House |
| 3:48 | Create | Villager (Male) |
| 3:49 | Create | Villager (Male) |
| 4:10 | Create | Villager (Male) |
| 4:10 | Create | Villager (Male) |
| 4:13 | Build | Lumber Camp |
| 4:37 | Create | Villager (Male) |
| 4:37 | Create | Villager (Male) |
| 4:38 | Create | Villager (Male) |
| 4:56 | Build | House |
| 5:05 | Create | Villager (Male) |
| 5:05 | Create | Villager (Male) |
| 5:06 | Create | Villager (Male) |
| 5:42 | Create | Villager (Male) |
| 5:42 | Create | Villager (Male) |
| 5:43 | Create | Villager (Male) |
| 5:53 | Build | House |
| 6:05 | Create | Villager (Male) |
| 6:06 | Create | Villager (Male) |
| 6:19 | Create | Villager (Male) |
| 6:19 | Create | Villager (Male) |
| 6:19 | Create | Villager (Male) |
| 6:56 | Create | Villager (Male) |
| 7:26 | Build | Mining Camp |
| 7:51 | Create | Villager (Male) |
| 8:13 | Research | Feudal Age |
| 9:10 | Build | Barracks |
| 9:24 | Create | Villager (Male) |
| 9:25 | Create | Villager (Male) |
| 10:26 | Age | Feudal Age |
| 10:36 | Build | Stable |
| 10:39 | Build | Blacksmith |
| 10:59 | Build | Lumber Camp |
| 11:11 | Build | Farm |
| 11:33 | Research | Castle Age |
| 11:46 | Build | Farm |
| 11:49 | Build | Farm |
| 12:11 | Build | House |
| 12:14 | Build | House |
| 12:23 | Research | Double-Bit Axe |
| 12:53 | Build | Farm |
| 12:55 | Build | Farm |
| 12:59 | Build | Farm |
| 13:04 | Create | Scout Cavalry |
| 13:28 | Build | Farm |
| 13:38 | Build | Farm |
| 13:56 | Create | Villager (Male) |
| 13:59 | Age | Castle Age |
| 14:02 | Build | Monastery |
| 14:08 | Build | Monastery |
| 14:17 | Create | Scout Cavalry |
| 14:19 | Create | Villager (Male) |
| 14:23 | Build | Farm |
| 14:45 | Build | Farm |
| 14:47 | Create | Villager (Male) |
| 14:55 | Create | Monk |
| 14:57 | Create | Villager (Male) |
| 15:03 | Build | Town Center |
| 15:16 | Create | Scout Cavalry |
| 15:21 | Build | Farm |
| 15:21 | Build | Farm |
| 15:29 | Create | Villager (Male) |
| 16:07 | Create | Villager (Male) |
| 16:08 | Create | Villager (Male) |
| 16:26 | Create | Villager (Male) |
| 16:35 | Create | Villager (Male) |
| 16:40 | Build | Farm |
| 16:40 | Build | Farm |
| 16:40 | Build | Farm |
| 16:42 | Build | Farm |
| 16:48 | Research | Horse Collar |
| 17:18 | Create | Knight |
| 17:25 | Create | Camel Scout |
| 17:31 | Create | Monk |
| 17:33 | Create | Villager (Male) |
| 17:34 | Create | Villager (Male) |
| 17:35 | Build | Farm |
| 17:37 | Build | Farm |
| 17:40 | Build | Farm |
| 17:42 | Create | Villager (Male) |
| 17:44 | Build | Farm |
| 17:47 | Create | Villager (Male) |
| 18:15 | Research | Fervor |
| 18:17 | Create | Villager (Male) |
| 18:17 | Create | Villager (Male) |
| 18:19 | Build | House |
| 18:20 | Build | House |
| 18:21 | Build | House |
| 18:27 | Research | Wheelbarrow |
| 18:27 | Research | Wheelbarrow |
| 18:37 | Create | Villager (Male) |
| 18:38 | Create | Villager (Male) |
| 18:58 | Create | Villager (Male) |
| 18:59 | Create | Villager (Male) |
| 19:28 | Create | Villager (Male) |
| 19:29 | Create | Villager (Male) |
| 19:43 | Create | Monk |
| 19:45 | Create | Villager (Male) |
| 19:45 | Create | Villager (Male) |
| 19:46 | Create | Villager (Male) |
| 19:46 | Create | Villager (Male) |
| 20:25 | Create | Villager (Male) |
| 20:25 | Create | Villager (Male) |
| 20:26 | Create | Monk |
| 20:58 | Create | Villager (Male) |
| 20:58 | Create | Villager (Male) |
| 20:59 | Create | Villager (Male) |
| 21:01 | Build | Town Center |
| 21:04 | Create | Villager (Male) |
| 21:17 | Create | Knight |
| 21:49 | Create | Villager (Male) |
| 21:49 | Create | Villager (Male) |
| 21:51 | Build | House |
| 21:52 | Build | House |
| 21:53 | Build | House |
| 21:53 | Build | House |
| 21:56 | Research | Hand Cart |
| 21:58 | Research | Bow Saw |
| 22:06 | Build | House |
| 22:07 | Build | House |
| 22:08 | Build | House |
| 22:09 | Build | House |
| 22:52 | Create | Villager (Male) |
| 22:52 | Create | Villager (Male) |
| 22:53 | Create | Villager (Male) |
| 22:53 | Create | Villager (Male) |
| 22:53 | Create | Villager (Male) |
| 22:53 | Create | Villager (Male) |
| 22:55 | Build | Farm |
| 22:55 | Build | Farm |
Build order — OMurchu
First 150 of 357 actions detected
| 0:01 | Create | Villager (Male) |
| 0:01 | Create | Villager (Male) |
| 0:01 | Create | Villager (Male) |
| 0:02 | Create | Villager (Male) |
| 0:04 | Build | House |
| 0:06 | Build | House |
| 1:14 | Create | Villager (Male) |
| 1:56 | Create | Villager (Male) |
| 1:56 | Create | Villager (Male) |
| 2:00 | Build | Lumber Camp |
| 2:33 | Create | Villager (Male) |
| 2:52 | Create | Villager (Male) |
| 2:52 | Create | Villager (Male) |
| 3:17 | Create | Villager (Male) |
| 3:26 | Create | Villager (Male) |
| 4:03 | Create | Villager (Male) |
| 4:07 | Build | House |
| 4:08 | Build | House |
| 4:16 | Create | Villager (Male) |
| 5:08 | Create | Villager (Male) |
| 5:09 | Create | Villager (Male) |
| 5:17 | Build | Mill |
| 5:21 | Create | Villager (Male) |
| 5:23 | Create | Villager (Male) |
| 5:24 | Create | Villager (Male) |
| 5:24 | Create | Villager (Male) |
| 7:09 | Create | Villager (Male) |
| 7:44 | Research | Feudal Age |
| 8:11 | Create | Villager (Male) |
| 8:11 | Create | Villager (Male) |
| 10:16 | Age | Feudal Age |
| 10:27 | Build | Market |
| 10:30 | Build | Blacksmith |
| 11:17 | Research | Castle Age |
| 11:36 | Build | Lumber Camp |
| 12:12 | Research | Double-Bit Axe |
| 12:24 | Build | Farm |
| 12:52 | Research | Horse Collar |
| 13:23 | Build | Farm |
| 13:25 | Build | Farm |
| 13:34 | Build | Farm |
| 13:39 | Build | House |
| 13:54 | Create | Villager (Male) |
| 13:57 | Age | Castle Age |
| 14:04 | Build | Town Center |
| 14:07 | Build | Town Center |
| 14:25 | Create | Villager (Male) |
| 14:26 | Create | Villager (Male) |
| 14:29 | Build | Farm |
| 14:32 | Build | Farm |
| 14:35 | Build | Farm |
| 14:39 | Build | Farm |
| 14:42 | Build | Farm |
| 14:49 | Create | Villager (Male) |
| 15:14 | Build | House |
| 15:24 | Create | Villager (Male) |
| 15:26 | Create | Villager (Male) |
| 15:35 | Build | House |
| 15:36 | Build | House |
| 15:37 | Build | House |
| 15:39 | Create | Villager (Male) |
| 15:39 | Create | Villager (Male) |
| 15:44 | Create | Villager (Male) |
| 15:56 | Create | Villager (Male) |
| 15:57 | Create | Villager (Male) |
| 15:59 | Create | Villager (Male) |
| 16:09 | Build | Monastery |
| 16:12 | Create | Villager (Male) |
| 16:13 | Create | Villager (Male) |
| 16:18 | Build | Farm |
| 16:20 | Build | Farm |
| 16:25 | Create | Villager (Male) |
| 16:26 | Create | Villager (Male) |
| 16:29 | Build | Farm |
| 16:40 | Create | Villager (Male) |
| 16:40 | Create | Villager (Male) |
| 16:47 | Build | Farm |
| 16:49 | Build | Farm |
| 16:52 | Build | Farm |
| 16:54 | Create | Villager (Male) |
| 16:54 | Create | Villager (Male) |
| 17:01 | Build | Farm |
| 17:14 | Create | Villager (Male) |
| 17:14 | Create | Villager (Male) |
| 17:14 | Create | Villager (Male) |
| 17:19 | Create | Monk |
| 17:23 | Create | Villager (Male) |
| 17:24 | Create | Villager (Male) |
| 17:25 | Build | Farm |
| 17:29 | Build | Farm |
| 17:32 | Build | Farm |
| 17:41 | Build | House |
| 17:41 | Build | House |
| 17:43 | Create | Villager (Male) |
| 17:43 | Create | Villager (Male) |
| 17:43 | Create | Villager (Male) |
| 17:46 | Build | Farm |
| 17:53 | Build | Farm |
| 17:53 | Create | Villager (Male) |
| 17:57 | Create | Villager (Male) |
| 17:57 | Create | Villager (Male) |
| 18:04 | Build | Farm |
| 18:12 | Build | Farm |
| 18:13 | Create | Villager (Male) |
| 18:15 | Create | Villager (Male) |
| 18:15 | Create | Villager (Male) |
| 18:16 | Create | Villager (Male) |
| 18:16 | Create | Villager (Male) |
| 18:20 | Create | Villager (Male) |
| 18:21 | Create | Villager (Male) |
| 18:26 | Create | Villager (Male) |
| 18:26 | Create | Villager (Male) |
| 18:59 | Create | Villager (Male) |
| 18:59 | Create | Villager (Male) |
| 18:59 | Create | Villager (Male) |
| 19:00 | Create | Villager (Male) |
| 19:00 | Create | Villager (Male) |
| 19:00 | Create | Villager (Male) |
| 19:03 | Create | Monk |
| 19:10 | Create | Villager (Male) |
| 19:11 | Create | Villager (Male) |
| 19:12 | Create | Villager (Male) |
| 19:12 | Create | Villager (Male) |
| 19:32 | Create | Villager (Male) |
| 19:33 | Create | Villager (Male) |
| 19:33 | Create | Villager (Male) |
| 19:33 | Create | Villager (Male) |
| 19:33 | Create | Villager (Male) |
| 19:43 | Build | House |
| 19:44 | Build | House |
| 19:44 | Build | House |
| 19:44 | Build | House |
| 19:45 | Create | Villager (Male) |
| 19:46 | Create | Villager (Male) |
| 19:46 | Create | Villager (Male) |
| 19:48 | Build | Mill |
| 19:48 | Build | Farm |
| 19:49 | Build | Farm |
| 19:49 | Build | Farm |
| 19:49 | Build | Farm |
| 19:50 | Build | Farm |
| 19:50 | Build | Farm |
| 19:50 | Build | Farm |
| 19:50 | Build | Farm |
| 20:01 | Create | Villager (Male) |
| 20:01 | Create | Villager (Male) |
| 20:01 | Create | Villager (Male) |
| 20:14 | Create | Villager (Male) |
| 20:14 | Create | Villager (Male) |
| 20:27 | Create | Villager (Male) |
Build order — Camiloco23
First 150 of 287 actions detected
| 0:01 | Create | Villager (Male) |
| 0:04 | Build | House |
| 0:06 | Build | House |
| 0:13 | Create | Villager (Male) |
| 0:14 | Create | Villager (Male) |
| 0:14 | Create | Villager (Male) |
| 1:25 | Create | Villager (Male) |
| 1:25 | Create | Villager (Male) |
| 1:56 | Build | Lumber Camp |
| 2:01 | Create | Villager (Male) |
| 2:02 | Create | Villager (Male) |
| 2:02 | Create | Villager (Male) |
| 2:28 | Create | Villager (Male) |
| 3:02 | Build | House |
| 3:03 | Build | House |
| 3:22 | Create | Villager (Male) |
| 3:22 | Create | Villager (Male) |
| 3:22 | Create | Villager (Male) |
| 4:08 | Create | Villager (Male) |
| 4:21 | Create | Villager (Male) |
| 4:22 | Create | Villager (Male) |
| 4:22 | Create | Villager (Male) |
| 4:23 | Create | Villager (Male) |
| 5:00 | Build | Mill |
| 5:47 | Create | Villager (Male) |
| 5:47 | Create | Villager (Male) |
| 5:47 | Create | Villager (Male) |
| 6:08 | Build | Farm |
| 6:36 | Create | Villager (Male) |
| 6:36 | Create | Villager (Male) |
| 6:53 | Build | Farm |
| 7:51 | Research | Feudal Age |
| 8:12 | Build | Mining Camp |
| 9:13 | Build | Farm |
| 9:55 | Build | Farm |
| 10:07 | Age | Feudal Age |
| 10:11 | Research | Castle Age |
| 11:03 | Build | Lumber Camp |
| 11:09 | Research | Double-Bit Axe |
| 11:09 | Research | Double-Bit Axe |
| 11:23 | Create | Villager (Male) |
| 11:23 | Create | Villager (Male) |
| 12:51 | Age | Castle Age |
| 12:53 | Build | Town Center |
| 13:38 | Build | Town Center |
| 13:45 | Create | Villager (Male) |
| 13:46 | Create | Villager (Male) |
| 13:58 | Build | House |
| 14:00 | Build | House |
| 14:02 | Create | Villager (Male) |
| 14:02 | Create | Villager (Male) |
| 14:23 | Build | Farm |
| 14:39 | Create | Villager (Male) |
| 14:44 | Create | Villager (Male) |
| 14:49 | Create | Villager (Male) |
| 14:49 | Create | Villager (Male) |
| 14:50 | Create | Villager (Male) |
| 14:54 | Build | House |
| 15:00 | Build | Farm |
| 15:19 | Create | Villager (Male) |
| 15:19 | Create | Villager (Male) |
| 15:22 | Build | Farm |
| 15:26 | Build | Farm |
| 15:27 | Create | Villager (Male) |
| 15:28 | Create | Villager (Male) |
| 15:30 | Build | House |
| 15:31 | Build | House |
| 15:43 | Build | Farm |
| 15:52 | Build | Farm |
| 15:54 | Create | Villager (Male) |
| 16:04 | Build | House |
| 16:09 | Research | Bow Saw |
| 16:20 | Research | Loom |
| 16:22 | Create | Villager (Male) |
| 16:22 | Create | Villager (Male) |
| 16:27 | Build | Farm |
| 16:31 | Build | Farm |
| 16:35 | Create | Villager (Male) |
| 16:45 | Build | Farm |
| 16:46 | Build | Farm |
| 16:46 | Build | Farm |
| 16:46 | Build | Farm |
| 16:46 | Build | Farm |
| 16:49 | Create | Villager (Male) |
| 16:52 | Create | Villager (Male) |
| 16:52 | Create | Villager (Male) |
| 17:04 | Create | Villager (Male) |
| 17:07 | Build | House |
| 17:12 | Build | Farm |
| 17:13 | Build | Farm |
| 17:17 | Create | Villager (Male) |
| 17:20 | Build | Farm |
| 17:27 | Create | Villager (Male) |
| 17:27 | Create | Villager (Male) |
| 17:31 | Build | Farm |
| 17:38 | Create | Villager (Male) |
| 17:38 | Create | Villager (Male) |
| 17:41 | Build | Farm |
| 17:45 | Create | Villager (Male) |
| 17:53 | Build | House |
| 17:55 | Create | Villager (Male) |
| 17:57 | Build | Farm |
| 18:03 | Create | Villager (Male) |
| 18:10 | Build | Farm |
| 18:13 | Build | Farm |
| 18:17 | Create | Villager (Male) |
| 18:18 | Create | Villager (Male) |
| 18:24 | Build | Farm |
| 18:25 | Create | Villager (Male) |
| 18:31 | Build | Monastery |
| 18:36 | Create | Villager (Male) |
| 18:41 | Build | Farm |
| 18:43 | Build | Farm |
| 18:59 | Build | Gate |
| 19:04 | Create | Villager (Male) |
| 19:05 | Research | Wheelbarrow |
| 19:09 | Research | Horse Collar |
| 19:09 | Research | Horse Collar |
| 19:11 | Build | Farm |
| 19:15 | Build | Farm |
| 19:16 | Create | Villager (Male) |
| 19:21 | Create | Villager (Male) |
| 19:27 | Create | Villager (Male) |
| 19:32 | Build | Farm |
| 19:34 | Build | Farm |
| 19:44 | Create | Monk |
| 19:47 | Create | Villager (Male) |
| 19:48 | Create | Villager (Male) |
| 19:56 | Build | Farm |
| 19:59 | Build | Farm |
| 20:10 | Research | Heavy Plow |
| 20:13 | Create | Villager (Male) |
| 20:14 | Create | Villager (Male) |
| 20:14 | Create | Villager (Male) |
| 20:32 | Create | Villager (Male) |
| 20:35 | Build | Farm |
| 20:41 | Create | Villager (Male) |
| 20:45 | Build | House |
| 20:46 | Build | House |
| 21:06 | Create | Villager (Male) |
| 21:07 | Create | Villager (Male) |
| 21:08 | Create | Villager (Male) |
| 21:12 | Research | Hand Cart |
| 21:13 | Research | Gold Mining |
| 21:14 | Research | Stone Mining |
| 21:22 | Build | House |
| 21:33 | Create | Monk |
| 21:36 | Create | Villager (Male) |
| 21:37 | Create | Villager (Male) |
| 21:39 | Create | Villager (Male) |
Build order — Benni
First 150 of 216 actions detected
| 0:00 | Create | Villager (Male) |
| 0:00 | Create | Villager (Male) |
| 0:02 | Build | House |
| 0:03 | Build | House |
| 0:12 | Create | Villager (Male) ×2 |
| 1:35 | Create | Villager (Male) |
| 1:35 | Create | Villager (Male) |
| 1:56 | Create | Villager (Male) |
| 1:56 | Create | Villager (Male) |
| 2:13 | Build | Lumber Camp |
| 2:26 | Create | Villager (Male) |
| 2:26 | Create | Villager (Male) |
| 2:38 | Create | Villager (Male) |
| 2:39 | Create | Villager (Male) |
| 3:01 | Build | House |
| 3:03 | Build | House |
| 3:05 | Build | House |
| 3:09 | Create | Villager (Male) |
| 3:10 | Create | Villager (Male) |
| 3:35 | Create | Villager (Male) |
| 3:36 | Create | Villager (Male) |
| 3:37 | Create | Villager (Male) |
| 4:34 | Create | Villager (Male) |
| 4:34 | Create | Villager (Male) |
| 4:35 | Create | Villager (Male) |
| 4:42 | Build | Mill |
| 4:56 | Create | Villager (Male) |
| 5:27 | Create | Villager (Male) |
| 5:27 | Create | Villager (Male) |
| 5:29 | Create | Villager (Male) |
| 5:56 | Create | Villager (Male) |
| 6:36 | Build | Farm |
| 6:38 | Build | Farm |
| 6:53 | Create | Villager (Male) |
| 7:02 | Create | Villager (Male) |
| 7:17 | Build | Farm |
| 7:43 | Build | House |
| 8:02 | Build | Mining Camp |
| 8:12 | Create | Villager (Male) |
| 8:12 | Research | Feudal Age |
| 9:01 | Build | Mining Camp |
| 10:24 | Create | Villager (Male) |
| 10:24 | Create | Villager (Male) |
| 10:55 | Age | Feudal Age |
| 10:57 | Build | Market |
| 10:59 | Build | Blacksmith |
| 11:47 | Research | Castle Age |
| 11:47 | Research | Castle Age |
| 12:03 | Research | Double-Bit Axe |
| 12:27 | Research | Horse Collar |
| 13:04 | Create | Villager (Male) |
| 13:04 | Create | Villager (Male) |
| 13:20 | Build | House |
| 13:44 | Research | Loom |
| 13:49 | Create | Villager (Male) |
| 14:19 | Build | Farm |
| 14:21 | Build | Farm |
| 14:22 | Build | Farm |
| 14:26 | Build | Farm |
| 14:27 | Age | Castle Age |
| 15:06 | Build | Castle |
| 15:16 | Build | Outpost |
| 15:21 | Create | Villager (Male) |
| 15:21 | Create | Villager (Male) |
| 15:22 | Create | Villager (Male) |
| 15:48 | Create | Villager (Male) |
| 15:52 | Create | Villager (Male) |
| 16:01 | Build | Mining Camp |
| 16:11 | Create | Conquistador |
| 16:11 | Create | Conquistador |
| 16:34 | Create | Villager (Male) |
| 16:53 | Create | Conquistador |
| 17:04 | Create | Villager (Male) |
| 17:08 | Build | Farm |
| 17:32 | Create | Villager (Male) |
| 17:41 | Create | Villager (Male) |
| 17:53 | Build | Farm |
| 17:55 | Build | Farm |
| 18:30 | Build | Farm |
| 18:48 | Create | Villager (Male) |
| 18:52 | Create | Villager (Male) |
| 19:06 | Build | Farm |
| 19:07 | Build | Farm |
| 19:10 | Build | Farm |
| 19:13 | Build | Farm |
| 19:19 | Build | Farm |
| 19:21 | Build | Farm |
| 19:35 | Create | Villager (Male) |
| 19:43 | Create | Villager (Male) |
| 19:54 | Build | Farm |
| 20:00 | Build | Farm |
| 20:52 | Build | Lumber Camp |
| 21:10 | Research | Imperial Age |
| 21:10 | Research | Imperial Age |
| 21:35 | Research | Gold Mining |
| 21:35 | Research | Gold Mining |
| 21:42 | Build | Farm |
| 21:50 | Build | House |
| 21:59 | Create | Conquistador |
| 22:00 | Create | Conquistador |
| 22:20 | Create | Villager (Male) |
| 22:24 | Create | Conquistador |
| 22:24 | Create | Conquistador |
| 22:32 | Create | Villager (Male) |
| 22:46 | Research | Bow Saw |
| 22:51 | Create | Conquistador |
| 22:52 | Create | Conquistador |
| 23:23 | Create | Conquistador |
| 23:23 | Create | Conquistador |
| 23:42 | Create | Conquistador |
| 23:42 | Create | Conquistador |
| 23:43 | Create | Conquistador |
| 23:45 | Create | Villager (Male) |
| 24:20 | Age | Imperial Age |
| 24:24 | Create | Trebuchet (Packed) |
| 24:24 | Create | Trebuchet (Packed) |
| 24:27 | Create | Villager (Male) |
| 24:43 | Create | Villager (Male) |
| 25:05 | Create | Villager (Male) |
| 25:15 | Create | Trebuchet (Packed) |
| 25:40 | Build | Palisade Wall |
| 25:42 | Build | Palisade Wall |
| 25:46 | Create | Villager (Male) |
| 25:48 | Build | House |
| 25:49 | Build | House |
| 25:49 | Build | House |
| 25:58 | Create | Villager (Male) |
| 26:18 | Build | Town Center |
| 26:27 | Create | Villager (Male) |
| 26:28 | Create | Villager (Male) |
| 26:40 | Research | Padded Archer Armor |
| 26:40 | Research | Padded Archer Armor |
| 26:51 | Build | Town Center |
| 26:58 | Create | Villager (Male) |
| 27:09 | Create | Trebuchet (Packed) |
| 27:36 | Create | Villager (Male) |
| 27:38 | Create | Villager (Male) |
| 27:38 | Create | Villager (Male) |
| 27:46 | Create | Conquistador |
| 27:47 | Create | Conquistador |
| 27:47 | Create | Conquistador |
| 27:48 | Create | Villager (Male) |
| 27:50 | Create | Villager (Male) |
| 27:53 | Build | Farm |
| 27:54 | Build | Farm |
| 27:55 | Create | Villager (Male) |
| 27:55 | Create | Villager (Male) |
| 27:56 | Create | Villager (Male) |
| 28:14 | Create | Villager (Male) |
| 28:16 | Build | Farm |
Match timeline
| 7:38 | Fac Et Spera · age_up feudal |
| 8:52 | [DAO] Encoded29 · first_building Barracks |
| 9:02 | Axtern · first_building Barracks |
| 9:10 | wilkerbrice12 · first_building Barracks |
| 10:07 | Camiloco23 · age_up feudal |
| 10:16 | OMurchu · age_up feudal |
| 10:26 | wilkerbrice12 · age_up feudal |
| 10:36 | wilkerbrice12 · first_building Stable |
| 10:42 | Axtern · wall_segment Palisade Wall x1 |
| 10:55 | Benni · age_up feudal |
| 11:00 | Axtern · wall_segment Palisade Wall x1 |
| 11:03 | [DAO] Encoded29 · age_up feudal |
| 11:05 | Axtern · age_up feudal |
| 11:05 | Axtern · wall_segment Palisade Wall x4 |
| 11:07 | [DAO] Encoded29 · first_building Stable |
| 11:12 | Axtern · wall_segment Stone Wall x4 |
| 11:16 | OMurchu · first_market_sell 100 wood |
| 11:45 | Benni · first_market_sell 100 wood |
| 11:46 | Benni · first_market_buy 100 food |
| 12:11 | tridentlei · first_market_buy 100 food |
| 12:51 | Camiloco23 · age_up castle |
| 13:57 | OMurchu · age_up castle |
| 13:59 | wilkerbrice12 · age_up castle |
| 14:02 | wilkerbrice12 · first_building Monastery |
| 14:27 | Benni · age_up castle |
| 14:39 | [DAO] Encoded29 · age_up castle |
| 15:06 | Benni · first_building Castle |
| 15:19 | tridentlei · first_building Castle |
| 15:27 | Axtern · wall_segment Stone Wall x1 |
| 15:40 | tridentlei · first_market_sell 100 wood |
| 16:09 | OMurchu · first_building Monastery |
| 16:15 | [DAO] Encoded29 · first_building Monastery |
| 18:31 | Camiloco23 · first_building Monastery |
| 19:42 | Axtern · wall_segment Stone Wall x1 |
| 19:55 | Axtern · first_market_buy 100 food |
| 20:47 | Fac Et Spera · age_up castle |
| 20:55 | Fac Et Spera · first_building Castle |
| 22:15 | Fac Et Spera · first_market_sell 100 wood |
| 23:23 | Axtern · wall_segment Stone Wall x6 |
| 23:49 | Axtern · first_market_sell 100 wood |
| 24:07 | Axtern · age_up castle |
| 24:10 | Axtern · first_building Castle |
| 24:20 | Benni · age_up imperial |
| 24:23 | OMurchu · first_building Siege Workshop |
| 24:40 | Fac Et Spera · first_market_buy 100 food |
| 25:03 | Camiloco23 · first_building Castle |
| 25:07 | [DAO] Encoded29 · first_building Castle |
| 25:08 | tridentlei · first_building Siege Workshop |
| 25:40 | Benni · wall_segment Palisade Wall x1 |
| 25:42 | Benni · wall_segment Palisade Wall x1 |
| 26:01 | OMurchu · first_building Barracks |
| 26:18 | Camiloco23 · first_building Siege Workshop |
| 26:21 | wilkerbrice12 · first_market_buy 100 stone |
| 26:25 | Axtern · first_building Siege Workshop |
| 26:57 | OMurchu · first_building Stable |
| 27:24 | Fac Et Spera · first_building Barracks |
| 27:24 | [DAO] Encoded29 · first_building Archery Range |
| 27:34 | Camiloco23 · first_market_buy 100 wood |
| 28:00 | Fac Et Spera · age_up imperial |
| 28:03 | tridentlei · first_building Barracks |
| 28:30 | Camiloco23 · age_up imperial |
| 28:35 | OMurchu · age_up imperial |
| 29:08 | tridentlei · first_building Archery Range |
| 29:21 | Fac Et Spera · first_building Stable |
| 29:34 | wilkerbrice12 · first_building Archery Range |
| 29:45 | wilkerbrice12 · age_up imperial |
| 30:27 | [DAO] Encoded29 · age_up imperial |
| 31:08 | [DAO] Encoded29 · wall_segment Palisade Wall x1 |
| 31:19 | [DAO] Encoded29 · wall_segment Stone Wall x1 |
| 31:20 | wilkerbrice12 · first_building Castle |
| 31:23 | Axtern · age_up imperial |
| 31:27 | Benni · first_building Siege Workshop |
| 31:40 | OMurchu · first_building Castle |
| 32:03 | Axtern · first_building Archery Range |
| 32:51 | Axtern · resign |
| 33:00 | Camiloco23 · first_building Barracks |
| 33:14 | Fac Et Spera · first_building Archery Range |
[ AI ANALYSIS · 1 CREDIT ]
What really happened in this match?
Wolo.gg analyzes every decision: build order, eco, micro, common mistakes by bracket. Personalized analysis on WhatsApp or Discord in 30 seconds.
Civ guide
Italians
Perfil
Jugador #278776